Map: Ascension to Aiur LE

Players

buster - Winner!

  • Race: Zerg Zerg
  • League: Platinum
  • Spawn Location: 11:00

Yata

  • Race: Zerg Zerg
  • League: Platinum
  • Spawn Location: 5:00

VOD

Have the link to the VOD?

Description

Time

  • Played on: Sept. 17, 2017, 4:39 p.m.
  • Length: 5:19
Show
View Real Time Build Order
Export as new Build Order

buster Zerg - Winner!

Build Orders: Hatch First 

Get SALT Encoding   

  12  0:02  Drone  
  13  0:14  Overlord  
  13  0:17  Drone  
  14  0:34  Drone x2  
  16  0:39  Drone  
  17  0:53  Hatchery  
  16  1:01  Extractor, Drone  
  16  1:13  Spawning Pool  
  15  1:19  Drone x2  
  17  1:28  Overlord  
  17  2:00  Metabolic Boost  
  17  2:02  Zergling x2  
  17  2:03  Zergling x4  
  17  2:04  Queen  
  22  2:09  Queen  
  24  2:18  Zergling x2  
  24  2:19  Zergling x2  
  26  2:28  Zergling x6  
  29  2:38  Overlord  
  29  3:02  Baneling Nest  
  29  3:03  Zergling x10  
  33  3:13  Zergling x2  
  33  3:41  Zergling x2  
  33  3:42  Zergling x16  
  41  4:01  Zergling x8  
  33  4:11  Zergling x2  
  33  4:12  Zergling x4  
  33  4:14  Zergling x2  
  37  4:22  Baneling  
  37  4:23  Baneling x3  
  36  4:43  Baneling x3  
Show
View Real Time Build Order
Export as new Build Order

Yata Zerg 

Build Orders: Hatch First, Zergling Baneling 

Get SALT Encoding   

  12  0:01  Drone  
  13  0:16  Overlord  
  13  0:20  Drone  
  14  0:34  Drone x2  
  16  0:38  Drone  
  17  0:55  Drone  
  18  0:57  Hatchery  
  18  1:02  Drone  
  18  1:09  Extractor  
  17  1:16  Spawning Pool  
  17  1:17  Drone  
  17  1:20  Drone  
  18  1:31  Drone  
  19  1:42  Overlord  
  19  1:53  Drone  
  20  2:03  Queen  
  22  2:09  Queen  
  22  2:10  Zergling x4  
  22  2:12  Metabolic Boost  
  26  2:19  Evolution Chamber  
  26  2:22  Drone x2  
  27  2:33  Baneling Nest  
  27  2:37  Drone x3  
  29  2:54  Overlord, Drone x2  
  31  3:01  Zergling x2  
  32  3:09  Drone  
  32  3:10  Drone  
  34  3:19  Zergling x8  
  37  3:32  Zergling x8  
  31  3:42  Baneling x2  
  31  3:45  Zergling x4  
  28  4:01  Zergling x12  
  28  4:02  Zergling x2  
  31  4:03  Queen  
  31  4:08  Baneling x2  
  31  4:09  Baneling  
  33  4:10  Zergling x2  
  33  4:16  Extractor  
  33  4:17  Zergling x2  
  34  4:26  Zergling x4  
  36  4:33  Baneling  
  36  4:34  Baneling x2  
  34  4:39  Zergling x2  
  28  4:53  Zergling x2  
  28  4:54  Zergling x8  
Tags
 
Add a new tag
Caveats
  • Supply blocks, unpowered buildings, or Contaminate may cause inaccurate times.
  • Supply counts are checked every 10 seconds.